Map: Neon Violet Square LE

Players

Staxx

  • Race: Protoss Protoss
  • League: Diamond
  • Spawn Location: 11:00

LigerMaNN - Winner!

  • Race: Zerg Zerg
  • League: Diamond
  • Spawn Location: 5:00

VOD

Have the link to the VOD?

Description

im gunna cheese ... oh shit nvm

Time

  • Played on: Nov. 23, 2017, 10:17 p.m.
  • Length: 11:54
Show
View Real Time Build Order
Export as new Build Order

Staxx Protoss 

Build Orders:  

Get SALT Encoding   

  12  0:00  Probe  
  13  0:13  Probe  
  14  0:22  Pylon  
  14  0:25  Probe  
  15  0:40  Probe, Gateway  
  16  0:52  Probe  
  17  1:04  Probe  
  18  1:31  Gateway  
  18  1:34  Cybernetics Core  
  18  1:37  Probe  
  18  1:38  Pylon  
  21  1:49  Probe  
  21  1:54  Assimilator  
  22  1:57  Assimilator  
  22  2:00  Forge  
  19  2:12  Nexus  
  19  2:22  Probe  
  20  2:34  Probe  
  23  2:37  Adept x2  
  23  2:43  Warp Gate (Chrono Boost)  
  25  2:48  Probe  
  26  3:00  Probe  
  27  3:12  Probe, Pylon  
  28  3:17  Stalker  
  30  3:24  Probe x2  
  32  3:34  Twilight Council  
  32  3:37  Probe x2  
  32  3:39  Sentry  
  36  3:49  Probe  
  36  3:55  Probe  
  38  4:01  Probe  
  39  4:06  Gateway  
  39  4:08  Gateway  
  39  4:12  Dark Shrine  
  39  4:14  Probe x2  
  41  4:26  Probe x2  
  36  4:50  Probe x2  
  37  5:02  Probe (Chrono Boost), Assimilator  
  37  5:03  Probe (Chrono Boost)  
  39  5:07  Assimilator  
  39  5:10  Robotics Facility, Pylon  
  39  5:14  Probe (Chrono Boost)  
  42  5:23  Probe x2 (Chrono Boost)  
  42  5:26  Probe  
  43  5:28  Probe  
  43  5:29  Dark Templar x3  
  50  5:40  Probe (Chrono Boost), Dark Templar  
  54  5:42  Probe (Chrono Boost)  
  54  5:52  Probe (Chrono Boost)  
  56  5:57  Probe (Chrono Boost)  
  56  5:59  Nexus  
  56  6:03  Probe  
  57  6:07  Sentry x2  
  61  6:37  Probe  
  62  6:48  Probe  
  62  6:49  Probe  
  48  6:54  Stalker x3  
  48  6:55  Stalker  
  48  6:56  Immortal (Chrono Boost)  
  48  7:00  Probe  
  61  7:01  Probe  
  62  7:10  Pylon  
  62  7:12  Probe, Pylon  
  63  7:19  Probe x2  
  65  7:24  Probe  
  65  7:25  Immortal (Chrono Boost)  
  70  7:32  Probe x2  
  70  7:36  Probe  
  73  7:38  Templar Archives  
  73  7:40  Protoss Ground Weapons Level 1 (Chrono Boost)  
  73  7:44  Probe x2  
  73  7:45  Forge  
  75  7:56  Warp Prism (Chrono Boost)  
  77  8:00  Probe x3  
  80  8:09  Assimilator  
  80  8:12  Probe x3, Assimilator  
  83  8:23  Immortal  
  83  8:27  Dark Templar x3  
  89  8:33  Pylon  
  93  8:36  Pylon  
  93  8:39  Pylon  
  93  8:52  Psionic Storm  
  86  9:02  Probe  
  86  9:06  Dark Templar  
  86  9:07  Warp Prism (Chrono Boost)  
  90  9:11  Charge (Chrono Boost)  
  90  9:12  Probe x2  
  90  9:14  Archon  
  90  9:15  Archon  
  92  9:22  Photon Cannon  
  92  9:25  Shield Battery  
  92  9:39  Zealot x4  
  92  9:45  Gateway  
  100  9:47  Gateway  
  100  9:48  Gateway  
  100  9:50  Pylon  
  100  9:52  Pylon  
  100  9:55  Protoss Ground Weapons Level 2 (Chrono Boost)  
  100  9:56  Gateway, Protoss Ground Armor Level 1 (Chrono Boost)  
  100  10:00  High Templar x4  
  100  10:05  Archon x2  
  108  10:34  High Templar x2  
  108  10:35  High Templar x2  
  116  10:43  Pylon  
  116  10:46  Pylon  
  116  10:50  Robotics Bay  
  116  10:52  Robotics Facility  
  116  10:53  Pylon  
  116  11:24  Zealot  
  116  11:25  Zealot x6  
  94  11:46  Zealot x5  
  94  11:47  Zealot x2  
Show
View Real Time Build Order
Export as new Build Order

LigerMaNN Zerg - Winner!

Build Orders: Pool First 

Get SALT Encoding   

  12  0:02  Drone  
  13  0:13  Overlord  
  13  0:22  Drone  
  14  0:34  Drone x2  
  16  0:36  Drone  
  17  0:47  Drone  
  17  0:48  Extractor  
  17  0:53  Spawning Pool  
  17  0:56  Drone  
  17  1:07  Drone  
  18  1:22  Hatchery  
  17  1:26  Drone  
  17  1:30  Drone  
  19  1:39  Overlord  
  19  1:50  Metabolic Boost  
  19  1:56  Queen  
  21  2:09  Zergling x4  
  23  2:18  Zergling x2  
  23  2:22  Baneling Nest  
  23  2:35  Queen  
  25  2:39  Drone x3  
  28  2:55  Evolution Chamber, Drone x3  
  30  3:07  Drone x2  
  30  3:08  Drone  
  30  3:11  Pneumatized Carapace  
  33  3:24  Drone x3  
  36  3:28  Overlord  
  36  3:43  Overlord x2  
  37  3:48  Drone  
  37  3:49  Drone x3  
  40  4:02  Baneling x3  
  40  4:07  Drone  
  40  4:08  Drone x5  
  46  4:16  Zerg Melee Weapons Level 1  
  46  4:20  Hatchery  
  45  4:28  Drone  
  45  4:29  Drone x4  
  47  4:56  Extractor  
  47  4:57  Drone x3  
  47  4:58  Drone x3, Extractor  
  51  5:06  Lair  
  51  5:12  Hatchery  
  52  5:16  Overlord x3  
  52  5:20  Zergling x6  
  53  5:37  Zergling x2  
  53  5:38  Zergling x2  
  55  5:46  Drone x3, Extractor  
  55  5:47  Drone x2, Extractor  
  55  5:48  Drone  
  59  5:50  Baneling  
  59  5:53  Baneling x2  
  59  6:04  Overseer  
  59  6:11  Queen x2  
  59  6:26  Zergling x20  
  59  6:27  Zergling x2  
  58  7:01  Drone  
  58  7:02  Drone x8  
  58  7:07  Extractor, Zerg Melee Weapons Level 2  
  58  7:08  Hydralisk Den  
  65  7:09  Spore Crawler  
  65  7:11  Spine Crawler  
  63  7:27  Zergling x10  
  68  7:32  Hatchery  
  67  7:51  Drone x8  
  68  7:52  Hydralisk x4  
  68  7:58  Baneling x3  
  83  8:06  Hydralisk x6  
  83  8:08  Overlord x6  
  83  8:10  Baneling x3  
  83  8:11  Baneling x2  
  95  8:15  Centrifical Hooks  
  95  8:19  Muscular Augments  
  95  8:45  Hydralisk x8  
  95  8:46  Hydralisk x2  
  112  9:11  Hydralisk x10  
  112  9:15  Baneling  
  112  9:16  Baneling x6  
  132  9:26  Drone x3, Extractor  
  132  9:27  Drone x3, Extractor, Hydralisk  
  138  9:38  Overlord x4  
  136  10:06  Zergling x10  
  136  10:07  Zergling x18  
  148  10:16  Hatchery  
  140  10:43  Spore Crawler  
  139  10:58  Zergling x2  
  139  10:59  Zergling x48  
  139  11:00  Zergling x4  
  162  11:09  Infestation Pit  
  162  11:10  Overlord  
Tags
 
Add a new tag
Caveats
  • Supply blocks, unpowered buildings, or Contaminate may cause inaccurate times.
  • Supply counts are checked every 10 seconds.